 Dungeon Crawl Stone Soup version 0.22.1-1-ga44c0e56f4 (webtiles) character file.

318 Americanboy the Digger (level 6, 0/34 HPs)
             Began as a Gargoyle Earth Elementalist on Oct 20, 2018.
             Slain by Pikel
             ... wielding a +2 whip of flaming
              (1 damage)
             ... on level 4 of the Dungeon.
             The game lasted 00:08:09 (3621 turns).

Americanboy the Digger (GrEE)                       Turns: 3621, Time: 00:08:10

Health: 0/34       AC:  8    Str: 12    XL:     6   Next: 45%
Magic:  0/11       EV: 15    Int: 22    God:
Gold:   155        SH:  0    Dex: 10    Spells: 3/12 levels left

rFire    . . .     SeeInvis .   j - +1 dagger
rCold    . . .     Gourm    .   (no shield)
rNeg     + . .     Faith    .   c - +0 robe
rPois    ∞         Spirit   .   (no helmet)
rElec    +         Reflect  .   (no cloak)
rCorr    .         Harm     .   l - +1 pair of gloves
MR       .....                  (no boots)
Stlth    ++........             (no amulet)
HPRegen  0.11/turn              k - +3 ring of evasion
MPRegen  0.12/turn              (no ring)

@: brilliant
A: negative energy resistance 1, electricity resistance, unbreathing,
petrification resistance, rot immunity, AC +4
a: no special abilities


You were on level 4 of the Dungeon.
You were not hungry.

You visited 1 branch of the dungeon, and saw 4 of its levels.

You collected 155 gold pieces.

Inventory:

Hand Weapons
 j - a +1 dagger (weapon)
Missiles
 e - 16 stones (quivered)
Armour
 c - a +0 robe (worn)
 l - a +1 pair of gloves (worn)
Jewellery
 k - a +3 ring of evasion (left hand)
Scrolls
 a - a scroll of teleportation
 b - 2 scrolls of identify
 i - 3 scrolls of remove curse
Potions
 g - 2 potions of resistance
Comestibles
 d - 4 rations


   Skills:
 + Level 1.4 Fighting
 + Level 1.0 Short Blades
 + Level 2.0 Dodging
 + Level 3.9 Stealth
 + Level 3.9 Spellcasting
   Level 0.7 Transmutations
 + Level 5.3 Earth Magic


You had 3 spell levels left.
You knew the following spells:

 Your Spells              Type           Power        Failure   Level  Hunger
a - Sandblast             Erth           #####.       1%          1    None
d - Lee's Rapid Deconstr  Erth           #####.....   4%          5    ######.
e - Stone Arrow           Conj/Erth      ####..       1%          3    ###....

Your spell library contained the following spells:

 Spells                   Type           Power        Failure   Level  Hunger
 Passwall                 Tmut/Erth      ####....     1%          2    #......
 Petrify                  Tmut/Erth      ####....     4%          4    ####...


Dungeon Overview and Level Annotations

Branches:
Dungeon (4/15)
 Temple: D:4-7

Altars:
Hepliaklqana

Annotations:
D:4 1 runed door, POTATOFARMER's ghost, amateur MiFi; Pikel


Innate Abilities, Weirdness & Mutations

You are resistant to torment.
Your stone body is resilient. (AC +4)
You are immune to poison.
You resist negative energy. (rN+)
You are resistant to electric shocks. (rElec)
You can survive without breathing.
You are immune to petrification.
You are immune to rotting.


Message History

You barely miss Pikel.
Pikel is severely wounded.
Pikel hits you with a whip of flaming.
* * * LOW HITPOINT WARNING * * *
Pikel burns you.
* * * LOW HITPOINT WARNING * * *
You hit Pikel but do no damage.
Pikel is severely wounded.
Pikel hits you with a whip of flaming.
* * * LOW HITPOINT WARNING * * *
Pikel burns you.
* * * LOW HITPOINT WARNING * * *
Your magical contamination has completely faded away.
You hit Pikel but do no damage.
Pikel is severely wounded.
You hear a shout!
Pikel hits you with a whip of flaming.
* * * LOW HITPOINT WARNING * * *
Pikel burns you.
You die...

.
#..............#
#..............#
#..............#
#..............#
#..............#
#......pp......#
#....###.#p#.###
#....# ##K#.##
#....# #@###.#
#.... ##.#.##
>o.... #.#.#.#
..#.K.p ##.#.##
..#.... #.###.#
##.#.## #.#.#.#
##.#.## #.###.#


You could see Pikel and a slave.

Vanquished Creatures
  An ogre (D:4)
  An orc wizard (D:4)
  Natasha (twice) (D:4)
  A worker ant (D:4)
  6 adders
  An ooze (D:2)
  2 worms (D:2)
  A dart slug (D:2)
  3 leopard geckos (D:2)
  7 orcs
  A giant cockroach (D:2)
  7 goblins
  7 hobgoblins
  4 jackals (D:2)
  2 quokkas (D:2)
  A ball python (D:2)
  4 bats
  2 frilled lizards
  A jackal skeleton (D:4)
  4 kobolds (D:2)
  A quokka skeleton (D:4)
  8 rats
67 creatures vanquished.

Notes
Turn   | Place    | Note
-------+----------+-------------------------------------------
     0 | D:1      | Americanboy the Gargoyle Earth Elementalist began the quest
                  | for the Orb.
     0 | D:1      | Reached XP level 1. HP: 10/10 MP: 3/3
   365 | D:1      | Reached skill level 4 in Earth Magic
   365 | D:1      | Reached XP level 2. HP: 15/15 MP: 1/5
   807 | D:2      | Reached XP level 3. HP: 14/19 MP: 1/6
  1125 | D:2      | Learned a level 3 spell: Stone Arrow
  1200 | D:2      | Found a hazy altar of Hepliaklqana.
  1242 | D:2      | Reached XP level 4. HP: 23/24 MP: 5/8
  2534 | D:4      | Noticed Natasha
  2543 | D:4      | Killed Natasha
  2543 | D:4      | Reached XP level 5. HP: 27/28 MP: 4/9
  2605 | D:4      | Noticed an ogre
  2613 | D:4      | Killed an ogre
  2613 | D:4      | Reached skill level 1 in Short Blades
  2613 | D:4      | Reached skill level 5 in Earth Magic
  2853 | D:4      | Reached XP level 6. HP: 32/32 MP: 7/11
  2860 | D:4      | Learned a level 5 spell: Lee's Rapid Deconstruction
  3155 | D:4      | Noticed a slave
  3170 | D:4      | Noticed Pikel
  3170 | D:4      | Noticed a slave
  3170 | D:4      | Noticed a slave
  3170 | D:4      | Noticed Natasha
  3222 | D:4      | Killed Natasha
  3222 | D:4      | Reached skill level 1 in Fighting
  3506 | D:4      | Found a runed door.
  3519 | D:4      | Noticed POTATOFARMER's ghost (amateur MiFi)
  3603 | D:4      | Noticed a slave
  3620 | D:4      | HP: 1/34 [Pikel/whip of flaming (1)]
  3621 | D:4      | Slain by Pikel

Skill      XL: |  1  2  3  4  5  6 |
---------------+-------------------+-----
Earth Magic    | 4 5 |  5.3
Spellcasting   | 3 |  3.9
Stealth        | 3 |  3.9
Short Blades   | 1 |  1.0
Dodging        | 2 |  2.0
Fighting       | 1 |  1.4
Transmutations | |  0.7

Action                   |  1- 3 |  4- 6 || total
-------------------------+-------+-------++-------
Melee: Unarmed           |    45 |     9 ||    54
       Dagger            |    19 |   113 ||   132
 Cast: Sandblast         |    39 |    42 ||    81
       Stone Arrow       |       |     7 ||     7
  Use: Scroll            |       |    11 ||    11
       Potion            |       |     4 ||     4
 Stab: Sleeping          |       |     4 ||     4
  Eat: Chunk             |     2 |     2 ||     4
       Ration            |       |     2 ||     2
Armor: Robe              |    27 |    67 ||    94
Dodge: Dodged            |    61 |    93 ||   154
